cohdb
Replays
Latest Replays
All Replays
Popular Replays
Top Player Replays
Match Explorer
How It Works
Community
CoH3 Stats
Reddit
Sign in to upload your games and track your stats! →
Sign in with Steam
Match 40897381
Unlisted
Match 40897381
Overview
Messages
Build Orders
End
Construct Infanterie Kompanie
Grenadier Squad
MG 42 Machine Gun Team
Grenadier Squad
Construct Panzergrenadier Kompanie
251 Medium Carrier
Selects Breakthrough Battlegroup
Selects Rapid Production
GrW 34 Mortar Team
Selects 2.5-tonne Cargo Truck
Pak 40 Anti-tank Gun Team
MG 42 Machine Gun Team
Pak 40 Anti-tank Gun Team
Selects Blitzkrieg
2.5-tonne Cargo Truck
Construct Panzer Kompanie
Forward Retreat Point
Medical Bunker
Pioneer Squad
Nuclear Viking
Mochi_flamer
Achilles Gaming @ YouTube
^^
きめぇ丸
Makketsai
Destroyer
Mystery
0
0
Comments
sign in to comment!
No comments posted yet!